 Dungeon Crawl Stone Soup version 0.26.1-11-gd32895ea62 (webtiles) character file.

Game seed: 12771751036724261786

480 unlimited1921 the Magician (level 6, 0/50 HPs)
             Began as a Draconian Venom Mage on July 14, 2021.
             Succumbed to a scorpion's poison
             ... on level 4 of the Dungeon.
             The game lasted 01:22:18 (9214 turns).

unlimited1921 the Magician (Draconian Venom Mage)   Turns: 9214, Time: 01:22:19

Health: 0/50       AC:  7    Str: 13    XL:     6   Next: 86%
Magic:  11/12      EV: 13    Int: 15    God:
Gold:   133        SH:  0    Dex: 11    Spells: 6/13 levels left

rFire    . . .     SeeInvis .   h - +0 long sword
rCold    . . .     Faith    .   (no shield)
rNeg     . . .     Spirit   .   (armour unavailable)
rPois    .         Reflect  .   (helmet restricted)
rElec    .         Harm     .   (no cloak)
rCorr    .         Rampage  .   (no gloves)
Will     .....                  l - +0 pair of boots
Stlth    +++.......             x - amulet of the acrobat
HPRegen  0.16/turn              y - ring of stealth
MPRegen  0.13/turn              (no ring)

@: lethally poisoned (0 -> -6)
A: unfitting armour, cold-blooded, AC +6
a: no special abilities


You were on level 4 of the Dungeon.
You visited 1 branch of the dungeon, and saw 4 of its levels.

You collected 133 gold pieces.

Inventory:

Hand Weapons
 e - a +0 hunting sling
 h - a +0 long sword (weapon)
 m - a +0 whip
 q - a +0 rapier
 s - a +0 morningstar
 z - a +0 war axe
 C - a +0 flail
Missiles
 c - 54 arrows
 g - 10 poisoned darts
 i - 87 stones
 r - 13 sling bullets
 v - 14 boomerangs
Armour
 l - a +0 pair of boots (worn)
Jewellery
 x - an amulet of the acrobat (around neck)
 y - a ring of stealth (left hand)
Wands
 d - a wand of digging (3)
Scrolls
 a - a scroll of blinking {unknown}
 f - 3 scrolls of teleportation
 j - 2 scrolls of magic mapping {unknown}
 t - a scroll of identify
 u - a scroll of fear {unknown}
 w - a scroll of enchant weapon {unknown}
 A - a scroll of immolation {unknown}
 B - a scroll of remove curse {unknown}
Potions
 b - 2 potions of heal wounds {unknown}
 k - a potion of mutation {unknown}
 n - a potion of curing {unknown}
 o - a potion of brilliance {unknown}
 p - 3 potions of degeneration {unknown}
 E - a potion of flight {unknown}


   Skills:
 * Level 2.8 Fighting
 + Level 0.3 Long Blades
 - Level 0.2 Maces & Flails
 - Level 0.1 Polearms
 * Level 3.1 Dodging
 + Level 2.4 Stealth
 + Level 4.3 Spellcasting
 * Level 0.9 Hexes
 - Level 1.4 Transmutations
 + Level 4.2 Poison Magic


You had 6 spell levels left.
You knew the following spells:

 Your Spells              Type           Power        Failure   Level
a - Sting                 Tmut/Pois      44%          5%          1
b - Mephitic Cloud        Conj/Pois/Air  7%           30%         3
c - Tukima's Dance        Hex            6%           34%         3

Your spell library contained the following spells:

 Spells                   Type           Power        Failure   Level
 Poisonous Vapours        Pois/Air       18%          11%         2
 Corona                   Hex            6%           12%         1
 Ensorcelled Hibernation  Hex/Ice        8%           22%         2
 Ignite Poison            Fire/Tmut/Pois 8%           24%         3
 Olgreb's Toxic Radiance  Pois           15%          30%         4
 Confusing Touch          Hex            6%           34%         3
 Dazzling Flash           Conj/Hex       8%           41%         3


Dungeon Overview and Level Annotations

Branches:
Dungeon (4/15)
 Temple: D:4-7

Altars:
Elyvilon
Qazlal

Annotations:
D:2 Sigmund


Innate Abilities, Weirdness & Mutations

Your plain brown scales are hard. (AC +6)
You cannot fit into any form of body armour.
You are cold-blooded and may be slowed by cold attacks.


Message History

You feel sick. The scorpion stings you!
* * * LOW HITPOINT WARNING * * *
You feel sick.
You feel sick.
You feel sick.
You are too injured to fight recklessly!
You feel sick.
You kill the scorpion!
You pick your way through the web.
You feel sick.
There is a web, spattered with blood here.
You feel sick.
You are caught in the web!
You feel sick.
The scorpion evades a web.
There is a web here.
You struggle to detach yourself from the web.
You feel sick.
The scorpion evades a web.
You struggle to detach yourself from the web.
The scorpion stings you!
* * * LOW HITPOINT WARNING * * *
You disentangle yourself.
You die...

#...........#.<#.# #.#
#...........#..#.# #.#
#...........#....# #.#
#...........'....# #.#
###...........###..# ## #.#
.##...........'###.# .# ##
#.# ..............#.^#>#
.#.P# #.#
..............##.#.###†..#
#.#
..............##@####.###
#.#
..............##s.###.#).
#.#
.....####....####^##†##)###
#.# .....# #....#
##..^.#SP) #.# .)...#
#....# ##.÷÷#.#.# #>#
.....# #....# #.......# #.#
.....# #....# ##....### #.#
.....# #....# #)....P.# #.#
.....# #....# #..P...P# #.#


You could see a scorpion.

Vanquished Creatures
  An ogre (D:3)
  2 scorpions (D:4)
  A bullfrog skeleton (D:4)
  A hound (D:3)
  Jessica (D:2)
  A worker ant (D:3)
  7 adders
  A white imp (D:4)
  2 oozes (D:1)
  2 worms (D:3)
  4 dart slugs
  2 leopard geckos
  5 orcs
  10 bats
  4 giant cockroaches
  5 goblins
  6 hobgoblins
  11 jackals
  10 kobolds
  2 quokkas
  6 frilled lizards
  12 rats
96 creatures vanquished.

Vanquished Creatures (others)
  7 fungi (D:4)
7 creatures vanquished.

Grand Total: 103 creatures vanquished

Notes
Turn   | Place    | Note
-------+----------+-------------------------------------------
     0 | D:1      | unlimited1921 the Draconian Venom Mage began the quest for
                  | the Orb.
     0 | D:1      | Reached XP level 1. HP: 14/14 MP: 3/3
   289 | D:1      | Reached XP level 2. HP: 13/20 MP: 0/5
  1515 | D:1      | Reached XP level 3. HP: 26/26 MP: 4/7
  2794 | D:2      | Found a white marble altar of Elyvilon.
  3781 | D:2      | Reached XP level 4. HP: 26/34 MP: 8/8
  3910 | D:2      | Noticed Jessica
  3927 | D:2      | Killed Jessica
  4024 | D:2      | Reached skill level 1 in Fighting
  4430 | D:2      | Noticed Sigmund
  4529 | D:2      | HP: 1/35 [Sigmund] (3)]
  5296 | D:3      | Found a stormy altar of Qazlal.
  5351 | D:3      | Learned a level 3 spell: Mephitic Cloud
  6455 | D:3      | Found a faded altar of an unknown god.
  7083 | D:3      | Noticed an ogre
  7111 | D:3      | Killed an ogre
  7112 | D:3      | Reached XP level 5. HP: 41/41 MP: 6/10
  7523 | D:3      | Reached XP level 6. HP: 30/48 MP: 8/11
  8006 | D:4      | Learned a level 3 spell: Tukima's Dance
  9213 | D:4      | HP: 1/50 [scorpion (8)]
  9214 | D:4      | Succumbed to a scorpion's poison

Illustrated notes

Levels and vault maps discovered:
D:1:      minmay_arrival_up_and_down, layout_loops_ring
D:2:      layout_basic, elyvilon_altar_3, uniq_jessica, uniq_sigmund
D:3:      layout_loops_corners, nicolae_qazlal_general_emergency,
          chequers_ecumenical_altar_simple
D:4:      old_forge, layout_basic

Skill      XL: |  1  2  3  4  5  6 |
---------------+-------------------+-----
Dodging        | 2 3 |  3.1
Stealth        | 2 |  2.4
Spellcasting   | 3 4 |  4.3
Fighting       | 1 2 |  2.8
Poison Magic   | 4 |  4.2
Long Blades    | |  0.3
Maces & Flails | |  0.2
Polearms       | |  0.1
Hexes          | |  0.9
Transmutations | |  1.4

Action                   |  1- 3 |  4- 6 || total
-------------------------+-------+-------++-------
Melee: Unarmed           |     4 |       ||     4
       Short sword       |     8 |       ||     8
       Club              |     6 |       ||     6
       Tailslap          |     5 |    13 ||    18
       Hand axe          |     4 |       ||     4
       Spear             |    44 |    35 ||    79
       Mace              |       |    17 ||    17
       Long sword        |       |    49 ||    49
 Cast: Sting             |    60 |    93 ||   153
  Use: Scroll            |     4 |     4 ||     8
 Stab: Sleeping          |     1 |     1 ||     2
Armor: Skin              |    66 |    47 ||   113
Dodge: Dodged            |   103 |   127 ||   230
       Rpst.: Long sword |       |    21 ||    21
